 Dungeon Crawl Stone Soup version 0.29-a0-492-g10b964d8d7 (webtiles) character file.

Game seed: 9492006162833387912

144 KyoPewz the Magician (level 5, -1/30 HPs)
             Began as a Deep Elf Hedge Wizard on May 27, 2022.
             Slain by an orc priest
             ... wielding a +0 mace
              (2 damage)
             ... on level 3 of the Dungeon.
             The game lasted 00:13:32 (3728 turns).

KyoPewz the Magician (Deep Elf Hedge Wizard)        Turns: 3728, Time: 00:13:33

Health: -1/30      AC:  2    Str: 13    XL:     5   Next: 5%
Magic:  13/13      EV: 12    Int: 21    God:
Gold:   102        SH:  0    Dex: 14    Spells: 3/12 levels left

rFire   . . .      SeeInvis .   n - +2 dagger (freeze)
rCold   + . .      Faith    .   (no shield)
rNeg    . . .      Spirit   .   b - +0 robe
rPois   .          Reflect  .   c - +0 hat
rElec   .          Harm     .   (no cloak)
rCorr   .          Rampage  .   (no gloves)
Will    .....                   (no boots)
Stlth   ++........              i - amulet of magic regeneration
HPRegen 0.10/turn               s - +6 ring of strength
MPRegen 0.53/turn               u - ring of protection from cold

@: about to teleport
A: no striking features
a: no special abilities


You were on level 3 of the Dungeon.
You visited 1 branch of the dungeon, and saw 4 of its levels.

You collected 102 gold pieces.

Inventory:

Hand Weapons
 l - a +3 dagger
 n - a +2 dagger of freezing (weapon)
Missiles
 a - 9 javelins
Armour
 b - a +0 robe (worn)
 c - a +0 hat (worn)
 x - a +0 kite shield
 A - a +0 ring mail
Jewellery
 i - an amulet of magic regeneration (around neck)
 s - a +6 ring of strength (left hand)
 u - a ring of protection from cold (right hand)
Wands
 y - a wand of flame (16)
Scrolls
 j - a scroll of fear {unknown}
 k - a scroll of teleportation
 m - 2 scrolls of blinking {unknown}
 o - a scroll of fog {unknown}
 p - a scroll of amnesia {unknown}
 q - 2 scrolls of torment
 t - a scroll of poison {unknown}
 v - a scroll of enchant armour {unknown}
 z - a scroll of immolation {unknown}
 B - a scroll of vulnerability {unknown}
Potions
 d - a potion of magic
 e - 2 potions of heal wounds
 f - 2 potions of brilliance
 g - a potion of ambrosia {unknown}
 h - 2 potions of cancellation {unknown}
 r - a potion of berserk rage {unknown}
 w - a potion of haste {unknown}


   Skills:
 - Level 2.0 Fighting
 - Level 2.4 Dodging
 - Level 2.4 Stealth
 - Level 4.4 Spellcasting
 + Level 3.0 Conjurations
 + Level 3.0 Hexes
 - Level 1.2 Summonings
 - Level 2.0 Translocations


You had 3 spell levels left.
You knew the following spells:

 Your Spells              Type           Power      Damage    Failure   Level
a - Magic Dart            Conj           68%        1d6       3%          1
b - Blink                 Tloc           26%        N/A       8%          2
c - Call Imp              Summ           9%         N/A       11%         2
d - Slow                  Hex            68%        N/A       3%          1
e - Mephitic Cloud        Conj/Pois/Air  8%         N/A       22%         3

Your spell library contained the following spells:

 Spells                   Type           Power      Damage    Failure   Level
 Sublimation of Blood     Necr           4%         N/A       17%         2
 Conjure Flame            Conj/Fire      10%        6-21      19%         3
 Petrify                  Tmut/Erth      4%         N/A       75%         4
 Irradiate                Conj/Tmut      5%         3d15      86%         5


Dungeon Overview and Level Annotations

Branches:
Dungeon (4/15)
 Temple: D:4-7

Altars:
Okawaru
Qazlal
The Shining One


Message History

Confirm with . or Enter, or press ? or * to list all spells.
You blink.
Casting: Blink (safe; 8% risk of failure)
Confirm with . or Enter, or press ? or * to list all spells.
You are still too unstable to blink.
You feel stable enough to blink again.
The orc priest miscasts a cantrip.
There is an open door here.
You close the door.
Casting: Blink (safe; 8% risk of failure)
Confirm with . or Enter, or press ? or * to list all spells.
You blink.
You feel stable enough to blink again.
There is a stone staircase leading down here.
You can't go up here!
Casting: Blink (safe; 8% risk of failure)
Confirm with . or Enter, or press ? or * to list all spells.
Okay, then.
You can't go up here!
You climb downwards.
You hear the sound of rushing water.
There is an entrance to a sewer on this level.
Hurry and find it before the portal rusts away!
The hobgoblin shouts!
The iguana hisses angrily.
There is a stone staircase leading up here.
You can't go down here!
You climb upwards.
There is a stone staircase leading down here.
The orc priest attacks as you move away!
The orc priest hits you with a +0 mace.
* * * LOW HITPOINT WARNING * * *
There is a stone staircase leading down here.
As you read the scroll of teleportation, it crumbles to dust.
You feel strangely unstable. The orc priest hits you with a +0 mace.
* * * LOW HITPOINT WARNING * * *
Unknown command.
The orc priest attacks as you move away!
The orc priest barely misses you.
The orc priest attacks as you move away!
The orc priest hits you with a +0 mace.
You die...

..o........#
#####.#.#.#.#.#
####+#+#####
#.........#.#.# #.#.#
#.###.#†..# #.#.# #.#
#.#..## #.#.# #.# #......
#.#.############.##########
#.#...............#..
#[.....>..######..#.#
##........>oo@....#.#
#.######.#######.#.# #.#
#.#####.....# #.#
#.......#.###
#.##############.#
#................#
##################


You could see an orc priest and an orc.

Vanquished Creatures
  2 gnolls (D:2)
  3 adders (D:2)
  4 dart slugs
  4 endoplasms
  2 giant cockroaches (D:2)
  A goblin (D:2)
  5 hobgoblins
  5 kobolds
  A quokka (D:2)
  5 ball pythons
  7 bats
  15 frilled lizards
  7 rats
61 creatures vanquished.

Vanquished Creatures (collateral kills)
  Ijyb (D:3)
  A gnoll (D:2)
2 creatures vanquished.

Vanquished Creatures (others)
  A plant (D:2)
1 creature vanquished.

Grand Total: 64 creatures vanquished

Notes
Turn   | Place    | Note
-------+----------+-------------------------------------------
     0 | D:1      | KyoPewz the Deep Elf Hedge Wizard began the quest for the
                  | Orb.
     0 | D:1      | Reached XP level 1. HP: 10/10 MP: 7/7
   307 | D:1      | Reached XP level 2. HP: 16/16 MP: 6/9
   310 | D:1      | Learned a level 2 spell: Blink
   313 | D:1      | Learned a level 2 spell: Call Imp
   315 | D:1      | Learned a level 1 spell: Slow
   428 | D:1      | Reached skill level 1 in Fighting
  1007 | D:1      | Reached XP level 3. HP: 20/20 MP: 7/10
  1940 | D:2      | Reached XP level 4. HP: 26/26 MP: 7/12
  2147 | D:2      | Reached skill level 1 in Hexes
  2708 | D:2      | Found a stormy altar of Qazlal.
  2861 | D:2      | Found a faded altar of an unknown god.
  3078 | D:3      | Found an iron altar of Okawaru.
  3091 | D:3      | Noticed Ijyb
  3092 | D:3      | Paralysed by Ijyb for 3 turns
  3104 | D:3      | Paralysed by Ijyb for 3 turns
  3115 | D:3      | Paralysed by Ijyb for 3 turns
  3120 | D:3      | Paralysed by Ijyb for 2 turns
  3140 | D:3      | Killed Ijyb
  3141 | D:3      | Reached XP level 5. HP: 3/30 MP: 13/13
  3414 | D:3      | Learned a level 3 spell: Mephitic Cloud
  3474 | D:3      | Found a glowing golden altar of the Shining One.
  3724 | D:3      | HP: 1/30 [orc priest/+0 mace (5)]
  3728 | D:3      | Slain by an orc priest

Illustrated notes

Levels and vault maps discovered:
D:1:      amcnicky_arrival_single_pillar, layout_rooms, minmay_lizard_pond
D:2:      minmay_alternating_diamond, layout_basic, basic_altar,
          shapermc_ecumenical_altar_acropolis
D:3:      layout_basic, mainiacjoe_overflow_paths, tso_metal_star,
          general_overflow_altar, uniq_ijyb
D:4:      layout_loops_ring, nicolae_ashenzari_skybound,
          mainiacjoe_overflow_large_starburst, serial_shops, shop,
          portal_sewer_entry_d, minmay_pentomino_pile, uniq_duvessa

Skill      XL: |  1  2  3  4 |
---------------+-------------+-----
Fighting       | 1 2 |  2.0
Conjurations   | 2 3 |  3.0
Hexes          | 3 |  3.0
Translocations | 2 |  2.0
Dodging        | |  2.4
Stealth        | |  2.4
Spellcasting   | |  4.4
Summonings     | |  1.2

Action                   |  1- 3 |  4- 6 || total
-------------------------+-------+-------++-------
Melee: Dagger            |    14 |     5 ||    19
 Cast: Magic Dart        |    98 |    48 ||   146
       Call Imp          |       |     6 ||     6
       Slow              |       |     2 ||     2
       Blink             |       |     4 ||     4
  Use: Scroll            |       |     5 ||     5
Armor: Robe              |     7 |     1 ||     8
Dodge: Dodged            |    15 |    14 ||    29

Table legend: (Time is in decaauts)
 A = Elapsed time spent in this place.
 B = Non-inter-level travel time spent in this place.
 C = Inter-level travel time spent in this place.
 D = Time resting spent in this place.
 E = Time spent auto-exploring this place.
 F = Levels seen in this place.
 G = Mean time per level.
                   A        B        C        D        E       F      G
               +--------+--------+--------+--------+--------+-----+--------+
         Total |   3726 |   3655 |     71 |   1153 |   1922 |   4 |  931.5 |
       Dungeon |   3726 |   3655 |     71 |   1153 |   1922 |   4 |  931.5 |
               +--------+--------+--------+--------+--------+-----+--------+

Top non-repeatable levels by time:
     D:2: 1680 daAuts
     D:1: 1348 daAuts
     D:3: 696 daAuts
     D:4: 1 daAuts
